 Dungeon Crawl Stone Soup version 0.27-a0-1597-ge58577e147 (webtiles) character file.

Game seed: 2535783140320878546

1404 Froggeryz the Cleaver (level 9, -2/94 HPs)
             Began as a Human Berserker on July 21, 2021.
             Was a Priest of Trog.
             Slain by a hornet (7 damage)
             ... while paralysed by a hornet
             ... on level 5 of the Dungeon.
             The game lasted 00:05:57 (6865 turns).

Froggeryz the Cleaver (Human Berserker)             Turns: 6865, Time: 00:05:58

Health: -2/94      AC:  9    Str: 21    XL:     9   Next: 1%
Magic:  9/9        EV:  2    Int:  7    God:    Trog [***...]
Gold:   89         SH:  0    Dex: 19    Spells: 8/8 levels left

rFire    . . .     SeeInvis .   a - +0 hand axe (vorpal)
rCold    . . .     Faith    .   (no shield)
rNeg     . . .     Spirit   .   j - +0 chain mail
rPois    .         Reflect  .   (no helmet)
rElec    .         Harm     .   (no cloak)
rCorr    .         Rampage  .   (no gloves)
Will     .....                  (no boots)
Stlth    ..........             (no amulet)
HPRegen  0.25/turn              (no ring)
MPRegen  0.11/turn              k - +6 ring of dexterity

@: paralysed, berserking (expiring), lethally poisoned (-2 -> -31), slowed
A: no striking features
a: Renounce Religion, Berserk, Trog's Hand


You were on level 5 of the Dungeon.
You worshipped Trog.
Trog was most pleased with you.
You visited 1 branch of the dungeon, and saw 5 of its levels.

You collected 273 gold pieces.
You spent 184 gold pieces at shops.

Inventory:

Hand Weapons
 a - a +0 vorpal hand axe (weapon)
Missiles
 m - 6 boomerangs (quivered)
Armour
 j - a +0 chain mail (worn)
Jewellery
 k - a +6 ring of dexterity (right hand)
Wands
 p - a wand of polymorph (6)
Scrolls
 b - a scroll of fear {unknown}
 d - a scroll of magic mapping
 e - a scroll of teleportation
 f - a scroll of immolation
 l - 2 scrolls of fog
 o - a scroll of enchant weapon {unknown}
Potions
 c - 2 potions of curing
 g - a potion of mutation {unknown}
 i - a potion of attraction {unknown}
 n - a potion of might {unknown}


   Skills:
 - Level 3.0 Fighting
 * Level 9.8 Axes
 - Level 5.0 Armour
 - Level 2.0 Dodging


You had 8 spell levels left.
You didn't know any spells.
Your spell library was empty.

Dungeon Overview and Level Annotations

Branches:
Dungeon (5/15)             Temple (0/1) D:5

Altars:
Okawaru

Shops:
D:4 *


Message History

The hornet is moderately wounded.
You miss the killer bee.
You feel very sick. The killer bee stings you.
The hornet stings you but does no damage.
The killer bee stings you but does no damage.
You hit the hornet but do no damage.
The hornet is moderately wounded.
You hit the killer bee.
You feel sick.
The killer bee stings you but does no damage.
The hornet closely misses you.
You closely miss the hornet.
The hornet is moderately wounded.
You miss the killer bee.
You feel very sick. The killer bee stings you. The hornet stings you.
You suddenly lose the ability to move!
The killer bee stings you.
You are more poisoned.
The killer bee poisons you!
You feel very sick. The hornet stings you.
You are more poisoned.
You feel as though you will be slow longer.
The killer bee stings you. The hornet stings you!
You are lethally poisoned!
You feel as though you will be slow longer.
The killer bee stings you!
* * * LOW HITPOINT WARNING * * *
* * * LOW HITPOINT WARNING * * *
You feel extremely sick.
The killer bee stings you but does no damage.
The hornet stings you.
* * * LOW HITPOINT WARNING * * *
You are more poisoned.
You shrug off the repeated paralysis!
The killer bee stings you but does no damage.
* * * LOW HITPOINT WARNING * * *
You feel extremely sick. The hornet stings you!
You die...

*,*** *,,,,,* *,***** *,,,*
*,,,..#*#.###### ***,*
*,.,,..,.......# *,*
*,..,,.>#$#.#..# *,*
*,,#.,,.#.#.#..#
**,***,**#.gg.......#
***,,,***,*,#.,#......# ,,,,,,*
**,*#..#yy....#
,**,,,**#####..†@)...#********
,,,,,,,##888#####.#.## *,,,,,*
,*,**#,#8...8#......# *,***,*
,,,,,#.#8.>.8#.##.#.# *,***,****
**,*,#.#8...8.....#.####.#,,,,,,,
**,,,,..#8.8#..###.......#,*,****
...###*#.#.#.#.###..###..#.#,*
.....# #.....#....<.###.....,*
.....# ##...######.##......***


You could see a hornet and a killer bee.

Vanquished Creatures
  Sigmund (D:4)
  Menkaure (D:4)
  A water moccasin (D:5)
  A centaur (D:5)
  A phantom (D:4)
  2 scorpions (D:5)
  The ghost of RandomHacker the Chucker, a weakling TrHu of Fedhas (D:3)
  4 killer bees
  A howler monkey (D:5)
  4 hounds
  2 quasits (D:3)
  A jelly (D:3)
  2 iguanas (D:5)
  An orc wizard (D:3)
  5 gnolls
  5 adders
  An ufetubus (D:4)
  A worm (D:5)
  A dart slug (D:2)
  12 orcs
  8 ball pythons
  3 bats
  9 endoplasms
  A giant cockroach (D:4)
  6 hobgoblins
  2 jackals (D:3)
  7 kobolds
  2 quokkas
  2 frilled lizards
  12 goblins
  5 rats
105 creatures vanquished.

Notes
Turn   | Place    | Note
-------+----------+-------------------------------------------
     0 | D:1      | Froggeryz the Human Berserker began the quest for the Orb.
     0 | D:1      | Reached XP level 1. HP: 18/18 MP: 1/1
   441 | D:1      | Reached XP level 2. HP: 22/24 MP: 2/2
   889 | D:1      | Found a faded altar of an unknown god.
  1236 | D:2      | Reached XP level 3. HP: 25/29 MP: 3/3
  1890 | D:2      | Reached skill level 4 in Axes
  2351 | D:3      | Reached XP level 4. HP: 30/35 MP: 4/4
  2555 | D:3      | Found a transporter.
  2560 | D:3      | Noticed RandomHacker's ghost (weakling TrHu)
  2565 | D:3      | Reached ** piety under Trog
  2738 | D:3      | Reached XP level 5. HP: 19/41 MP: 5/5
  2958 | D:3      | Reached skill level 5 in Axes
  3200 | D:3      | Found a transporter.
  3476 | D:4      | Reached XP level 6. HP: 47/47 MP: 6/6
  3479 | D:4      | Noticed Sigmund
  3491 | D:4      | Killed Sigmund
  3492 | D:4      | Reached skill level 6 in Axes
  3647 | D:4      | Reached XP level 7. HP: 52/52 MP: 7/7
  3651 | D:4      | Reached *** piety under Trog
  3828 | D:3      | Killed RandomHacker's ghost
  4007 | D:4      | Found Nidghoev's Assorted Antiques.
  4143 | D:4      | Bought a scroll labelled JANLUE QOGE for 32 gold pieces
  4143 | D:4      | Bought a scroll labelled GEARCH KILAC for 32 gold pieces
  4143 | D:4      | Bought a scroll labelled JANLUE QOGE for 32 gold pieces
  4143 | D:4      | Bought a scroll labelled XECI SAMIZ for 32 gold pieces
  4143 | D:4      | Bought a fuming amethyst potion for 28 gold pieces
  4143 | D:4      | Bought a gluggy blue potion for 28 gold pieces
  4260 | D:4      | Reached skill level 7 in Axes
  4423 | D:4      | Noticed Menkaure
  4429 | D:4      | Killed Menkaure
  4430 | D:4      | Reached skill level 5 in Armour
  4430 | D:4      | Reached XP level 8. HP: 58/58 MP: 8/8
  4750 | D:4      | Found an iron altar of Okawaru.
  4781 | D:5      | Entered Level 5 of the Dungeon
  5011 | D:5      | Reached skill level 8 in Axes
  5189 | D:5      | HP: 1/58 [killer bee (5)]
  5203 | D:5      | HP: 1/58 [worm (5)]
  5365 | D:5      | Noticed a hornet
  5365 | D:5      | a killer bee changed into a hornet
  5745 | D:5      | Found a staircase to the Ecumenical Temple.
  5959 | D:4      | Reached skill level 9 in Axes
  6860 | D:5      | Reached XP level 9. HP: 63/63 MP: 9/9
  6862 | D:5      | Paralysed by a hornet for 3 turns
  6865 | D:5      | Slain by a hornet

Illustrated notes

Levels and vault maps discovered:
D:1:      eino_arrival_cavern_c, layout_basic,
          hellmonk_ecumenical_altar_inner_sanctum
D:2:      layout_basic, minmay_misc_feat_x, nrook_mini_backslash
D:3:      layout_rooms, gammafunk_ghost_stat_death
D:4:      layout_loops_ring, lemuel_coloured_pillars_altar, serial_shops,
          shop_statue, uniq_sigmund, uniq_menkaure
D:5:      layout_loops_cross, minmay_temple_entry_statues

Skill      XL: |  1  2  3  4  5  6  7  8 |
---------------+-------------------------+-----
Axes           | 4 5 6 7 9 |  9.8
Armour         | 3 4 5 |  5.0
Fighting       | |  3.0
Dodging        | |  2.0

Action                   |  1- 3 |  4- 6 |  7- 9 || total
-------------------------+-------+-------+-------++-------
Melee: Hand axe          |   104 |   104 |   205 ||   413
Throw: Boomerang         |       |       |     7 ||     7
Invok: Berserk           |     1 |     4 |     9 ||    14
       Trog's Hand       |       |     1 |     1 ||     2
Evoke: Wand              |       |       |     2 ||     2
  Use: Scroll            |       |       |     8 ||     8
       Potion            |       |       |     3 ||     3
 Stab: Sleeping          |     2 |       |       ||     2
Armor: Animal skin       |     8 |       |       ||     8
       Chain mail        |     9 |    46 |   174 ||   229
Dodge: Dodged            |    66 |    48 |   155 ||   269

Table legend: (Time is in decaauts)
 A = Elapsed time spent in this place.
 B = Non-inter-level travel time spent in this place.
 C = Inter-level travel time spent in this place.
 D = Time resting spent in this place.
 E = Time spent auto-exploring this place.
 F = Levels seen in this place.
 G = Mean time per level.
                   A        B        C        D        E       F      G
               +--------+--------+--------+--------+--------+-----+--------+
         Total |   6997 |   6849 |    148 |   2404 |   3526 |   5 | 1399.4 |
       Dungeon |   6997 |   6849 |    148 |   2404 |   3526 |   5 | 1399.4 |
               +--------+--------+--------+--------+--------+-----+--------+

Top non-repeatable levels by time:
     D:4: 2583 daAuts
     D:3: 1308 daAuts
     D:2: 1258 daAuts
     D:1: 1092 daAuts
     D:5: 754 daAuts
